 Dungeon Crawl Stone Soup version 0.22-a0-422-g9628fc8 (webtiles) character file.

174 PegasusDuck the Slasher (level 5, 0/43 HPs)
             Began as a Barachi Fighter on May 21, 2018.
             Succumbed to Jynxie's ghost's poison
             ... on level 4 of the Dungeon.
             The game lasted 00:04:38 (1788 turns).

PegasusDuck the Slasher (Barachi Fighter)           Turns: 1788, Time: 00:04:39

Health: 0/43       AC:  8    Str: 18    XL:     5   Next: 54%
Magic:  5/5        EV:  9    Int: 13    God:
Gold:   137        SH:  0    Dex: 12    Spells: 4/4 levels left

rFire    . . .     SeeInvis .   g - +4 falchion
rCold    . . .     Gourm    .   (no shield)
rNeg     . . .     Faith    .   b - +2 scale mail
rPois    .         Spirit   .   (no helmet)
rElec    .         Reflect  .   (no cloak)
rCorr    .         Harm     .   (no gloves)
MR       .....                  (no boots)
Stlth    ..........             (no amulet)
HPRegen  0.14/turn              (no ring)
MPRegen  0.09/turn              (no ring)

@: brilliant, lethally poisoned (0 -> -8), can't hop, slow
A: +LOS, swims, slowness 1, strong legs 1
a: Hop


You were on level 4 of the Dungeon.
You were hungry.

You visited 1 branch of the dungeon, and saw 4 of its levels.

You collected 137 gold pieces.

Inventory:

Hand Weapons
 g - a +4 falchion (weapon)
Armour
 b - a +2 scale mail (worn)
 c - a +0 shield
Jewellery
 d - an uncursed ring of resist corrosion
Potions
 i - a potion of brilliance
Comestibles
 f - 3 rations


   Skills:
 + Level 4.8 Fighting
 * Level 5.9 Long Blades
 - Level 3.6 Armour
 - Level 3.2 Shields


You had 4 spell levels left.
You didn't know any spells.
Your spell library was empty.

Dungeon Overview and Level Annotations

Branches:
Dungeon (3/15)

Altars:
Xom

Annotations:
D:2 Sigmund
D:4 Jynxie's ghost, amateur DDAs


Innate Abilities, Weirdness & Mutations

Shadows flee at your approach. (+LOS)
You can swim through water.
You cover ground slowly.
You can hop short distances.


Message History

* * * LOW HITPOINT WARNING * * *
You feel very sick.
* * * LOW HITPOINT WARNING * * *
You feel sick.
* * * LOW HITPOINT WARNING * * *
You feel sick.
* * * LOW HITPOINT WARNING * * *
You feel sick.
* * * LOW HITPOINT WARNING * * *
You feel sick.
* * * LOW HITPOINT WARNING * * *
You feel sick.
* * * LOW HITPOINT WARNING * * *
You feel sick.
You see here an orc corpse.
* * * LOW HITPOINT WARNING * * *
You feel sick.
* * * LOW HITPOINT WARNING * * *
You feel sick.
You die...

...##............#....
## #(........#.......
+#..............
#...............
#...............
#..†............
##.W............
###...............
#...@(............
#.......####.........)
#...#### #....######
#.. ######


You could see Jynxie's ghost.

Vanquished Creatures
  An orc wizard (D:3)
  Terence (D:2)
  Natasha (D:2)
  An adder (D:2)
  2 oozes
  2 dart slugs (D:2)
  2 leopard geckos
  5 orcs
  2 giant cockroaches
  7 goblins (D:2)
  15 hobgoblins
  3 jackals (D:2)
  A quokka (D:3)
  A ball python (D:4)
  6 bats
  2 frilled lizards
  4 kobolds
  7 rats
63 creatures vanquished.

Notes
Turn   | Place    | Note
-------+----------+-------------------------------------------
     0 | D:1      | PegasusDuck the Barachi Fighter began the quest for the Orb.
     0 | D:1      | Reached XP level 1. HP: 18/18 MP: 1/1
   115 | D:1      | Reached XP level 2. HP: 25/25 MP: 2/2
   123 | D:1      | Reached skill level 3 in Long Blades
   340 | D:1      | Reached XP level 3. HP: 30/30 MP: 3/3
   497 | D:2      | Noticed Terence
   514 | D:2      | Killed Terence
   514 | D:2      | Reached skill level 4 in Long Blades
   730 | D:2      | Reached XP level 4. HP: 22/38 MP: 4/4
  1002 | D:2      | Noticed Natasha
  1033 | D:2      | HP: 1/38 [Natasha (2)]
  1035 | D:2      | Killed Natasha
  1035 | D:2      | Reached skill level 5 in Long Blades
  1336 | D:2      | Noticed Sigmund
  1381 | D:2      | Reached XP level 5. HP: 35/43 MP: 5/5
  1731 | D:3      | Found a shimmering altar of Xom.
  1731 | D:3      | Found a shimmering altar of Xom.
  1732 | D:3      | Found a shimmering altar of Xom.
  1732 | D:3      | Found a shimmering altar of Xom.
  1733 | D:3      | Found a shimmering altar of Xom.
  1733 | D:3      | You fall through a shaft!
  1755 | D:4      | Noticed Jynxie's ghost (amateur DDAs)
  1786 | D:4      | HP: 1/43 [poisoned by Jynxie's ghost]
  1788 | D:4      | Succumbed to Jynxie's ghost's poison

Vault maps used:
D:1:      eino_arrival_water_star
D:2:      cheibrodos_greedy_goblins, fedhas_altar_fruit_tree, uniq_natasha,
          uniq_terence, uniq_sigmund
D:3:      first_ration, xom_redecorated
D:4:      minmay_misc_feat_square, grunt_ministairs_4, serial_park_tiny_pond,
          uniq_eustachio, uniq_edmund

Skill      XL: |  1  2  3  4 |
---------------+-------------+-----
Fighting       | 4 |  4.8
Long Blades    | 3 4 5 |  5.9
Armour         | |  3.6
Shields        | |  3.2

Action                   |  1- 3 |  4- 6 || total
-------------------------+-------+-------++-------
Melee: Long sword        |    93 |    67 ||   160
       Falchion          |       |    25 ||    25
 Abil: Hop               |       |     3 ||     3
  Use: Scroll            |       |     7 ||     7
       Potion            |       |     3 ||     3
  Eat: Chunk             |       |     3 ||     3
Armor: Scale mail        |    57 |    61 ||   118
Dodge: Dodged            |    64 |    64 ||   128
       Rpst.: Long sword |    16 |    18 ||    34
       Falchion          |       |     5 ||     5

Table legend:
 A = Spawn XP
 B = Non-spawn XP
 C = Spawn XP percentage of total XP
 D = Spawn monster count
 E = Non-spawn monster count
 F = Spawn count percentage of total count
 G = Total turns spent on level
                    A         B        C        D         E        F      G
               +---------+---------+-------+---------+---------+-------+---------
         Total |       0 |     249 |   0.0 |       0 |      63 |   0.0 |  1788
               +---------+---------+-------+---------+---------+-------+---------
           D:1 |       0 |      34 |   0.0 |       0 |      19 |   0.0 |   462
           D:2 |       0 |     132 |   0.0 |       0 |      26 |   0.0 |  1026
           D:3 |       0 |      77 |   0.0 |       0 |      15 |   0.0 |   245
           D:4 |       0 |       6 |   0.0 |       0 |       3 |   0.0 |    55
               +---------+---------+-------+---------+---------+-------+---------
